 Dungeon Crawl Stone Soup version 0.26.0-10-g1f06aea511 (webtiles) character file.

Game seed: 13819052774143942058

2043 Dracia the Martial Artist (level 9, -3/61 HPs)
             Began as a Demonspawn Gladiator on Jan 16, 2021.
             Was a Follower of Wu Jian.
             Slain by an orc warrior
             ... wielding a +0 halberd
              (16 damage)
             ... in a bailey.
             The game lasted 00:15:13 (6399 turns).

Dracia the Martial Artist (Demonspawn Gladiator)    Turns: 6399, Time: 00:15:14

Health: -3/61      AC:  9    Str: 16      XL:     9   Next: 4%
Magic:  18/18      EV: 12    Int: 10      God:    Wu Jian [*.....]
Gold:   441        SH:  0    Dex: 14 (16) Spells: 8/8 levels left

rFire    + . .     SeeInvis .     - Unarmed
rCold    . . .     Faith    .   (no shield)
rNeg     . . .     Spirit   .   C - +2 ring mail {rF+}
rPois    .         Reflect  .   (helmet restricted)
rElec    .         Harm     .   (no cloak)
rCorr    .         Rampage  .   (no gloves)
Will     .....                  w - +0 pair of boots
Stlth    +.........             (no amulet)
HPRegen  0.20/turn              Z - ring of wizardry
MPRegen  0.16/turn              W - ring of magical power

@: no status effects
A: claws 2, hooves 2, horns 1, demonic guardian 1, powered by death 1
a: Renounce Religion


You were in a bailey.
You worshipped Wu Jian.
Wu Jian was aware of your devotion.
You visited 2 branches of the dungeon, and saw 8 of its levels.
You also visited: Bailey.

You collected 441 gold pieces.


Innate Abilities, Weirdness & Mutations

You have very sharp fingernails.
You have hoof-like feet.
You have a pair of small horns on your head.
A weak demonic guardian rushes to your aid.
You regenerate a little health from kills.


   Skills:
 - Level 2.0 Fighting
 - Level 3.8 Polearms
 - Level 1.7 Throwing
 + Level 3.8 Armour
 - Level 2.6 Dodging
 * Level 9.6 Unarmed Combat


You had 8 spell levels left.
You didn't know any spells.
Your spell library was empty.

Inventory:

Hand Weapons
 y - a cursed +0 arbalest
Missiles
 a - 9 poisoned darts
 d - 3 throwing nets (quivered) {=f=f}
 i - 3 curare-tipped darts {=f=f}
 v - 5 datura-tipped darts
Armour
 b - a +0 leather armour
 c - a +2 helmet
 u - a +1 ring mail of fire resistance
 w - a +0 pair of boots (worn)
 C - a +2 ring mail of fire resistance (worn)
Jewellery
 W - a ring of magical power (right claw)
 Z - a ring of wizardry (left claw)
Wands
 B - a wand of enslavement (5)
Scrolls
 g - 4 scrolls of remove curse {@r2@r2}
 j - 2 scrolls of immolation
 l - 7 scrolls of teleportation {@r4@r4}
 n - 2 scrolls of fear
 q - 4 scrolls of identify {@r1@r1}
 s - a scroll of enchant weapon
Potions
 e - a potion of degeneration
 f - a potion of might {unknown}
 h - a potion of mutation
 k - 2 potions of haste {@q3@q3}
 o - a potion of magic
 p - a potion of attraction
 r - a potion of berserk rage {!q!q}
 A - a potion of curing {@q1@q1}
 E - a potion of resistance

Dungeon Overview and Level Annotations

Branches:
Dungeon (7/15)             Temple (1/1) D:4          Bailey (1/1)

Altars:
Ashenzari
Cheibriados
Dithmenos
Elyvilon
Fedhas
Gozag
Hepliaklqana
Kikubaaqudgha
Okawaru
Ru
Sif Muna
Trog
Uskayaw
Vehumet
Wu Jian
Xom
Yredelemnul
The Shining One

Annotations:
D:2 1 runed translucent door, Crazy Yiuf

### ###### ##∩##
####
#.....##...##....
..≈≈≈..#...#..≈≈≈
.≈≈o≈≈.......≈≈o≈
.≈.oo≈(5.....≈oo.
.≈≈o≈≈.o.o...≈≈o≈
..≈≈≈..#..(#..≈≈≈
#.....##.@.# ...
###### ##∩## #
###


You could see 4 orc warriors, 2 orcs and a friendly quasit (summoned).


Message History

3 orcs and 2 orc warriors come into view.
The orc shouts!
The orc warrior shouts! x2; The orc shouts! x2
You hear a shout!
Found two gates leading back out of this place.
There is an empty arch of ancient stone here.
An orc and 2 orc warriors come into view.
An orc comes into view. It is wielding a +0 trident.
Found two gates leading back out of this place.
Unknown command.
An orc warrior comes into view. It is wielding a +0 halberd.
The orc warrior shouts!
The orc shouts!
The orc warrior shoots a bolt.
The bolt barely misses you.
The orc warrior hits you from afar with a +0 halberd!!
The orc warrior shoots a bolt.
The bolt hits your quasit!
Your quasit bites the orc but does no damage.
Your quasit closely misses the orc.
Your quasit barely misses the orc.
The orc closely misses you.
The orc warrior hits you with a +0 halberd!
* * * LOW HITPOINT WARNING * * *
Your quasit bites the orc but does no damage.
Your quasit claws the orc but does no damage.
Your quasit closely misses the orc.
The orc warrior shoots a bolt.
The bolt hits you!
* * * LOW HITPOINT WARNING * * *
You see here a bolt.
Your quasit barely misses the orc.
Your quasit misses the orc.
Your quasit claws the orc but does no damage.
The orc warrior hits you from afar with a +0 halberd!
You die...

Skill      XL: |  1  2  3  4  5  6  7  8 |
---------------+-------------------------+-----
Polearms       | 3 |  3.8
Unarmed Combat | 3 4 6 7 9 |  9.6
Armour         | 1 3 |  3.8
Fighting       | |  2.0
Throwing       | |  1.7
Dodging        | |  2.6

Action                   |  1- 3 |  4- 6 |  7- 9 || total
-------------------------+-------+-------+-------++-------
Melee: Trident           |    97 |       |       ||    97
       Kick              |    11 |    55 |    23 ||    89
       Punch             |     2 |     1 |    12 ||    15
       Unarmed           |       |   175 |   195 ||   370
       Headbutt          |       |       |    33 ||    33
Throw: Dart              |       |       |     5 ||     5
       Throwing net      |       |       |     2 ||     2
Invok: Lunge             |       |       |    22 ||    22
       Whirlwind         |       |       |     1 ||     1
  Use: Potion            |     1 |       |       ||     1
       Scroll            |       |     9 |    11 ||    20
 Stab: Sleeping          |     2 |       |       ||     2
       Distracted        |     1 |     1 |     1 ||     3
       Held in net/web   |       |       |     1 ||     1
Armor: Leather armour    |    17 |    39 |       ||    56
       Ring mail         |       |     4 |    49 ||    53
Dodge: Dodged            |    37 |    97 |    87 ||   221

Levels and vault maps discovered:
D:1:      lemuel_arrival_muddy, layout_rooms, item_on_display_a
D:2:      layout_loops_corners, old_standard_altar, minmay_tromino_v4_c,
          uniq_crazy_yiuf_cottage
D:3:      layout_loops_ring, nicolae_overflow_hidden_temple, uniq_robin
D:4:      layout_loops_ring, lemuel_doored_altar, kennysheep_little_box,
          minmay_temple_entry_butterflies, palyth_stone_intersect,
          grunt_decor_one_mirror, minmay_quantized
D:5:      layout_gridville, uniq_ijyb, uniq_edmund
D:6:      layout_basic, kennysheep_mini_moat, lemuel_round_altar,
          general_overflow_altar
D:7:      layout_loops_corners, nemelex_xobeh_ov_fountains_minmay,
          makhleb_blood_cavern_becter, old_standard_altar, enter_bailey_5
Temple:   eino_temple_lava
Bailey:   bailey_polearm_4, bailey

Notes
Turn   | Place    | Note
-------+----------+-------------------------------------------
     0 | D:1      | Dracia the Demonspawn Gladiator began the quest for the
                  | Orb.
     0 | D:1      | Reached XP level 1. HP: 16/16 MP: 1/1
    67 | D:1      | Reached skill level 3 in Polearms
    80 | D:1      | You feel monstrous as your demonic heritage exerts itself.
    80 | D:1      | Gained mutation: You have large cloven feet. [demonic
                  | ancestry]
    80 | D:1      | Reached XP level 2. HP: 22/22 MP: 2/2
   411 | D:1      | Gained mutation: A weak demonic guardian rushes to your
                  | aid. [demonic ancestry]
   411 | D:1      | Reached XP level 3. HP: 27/27 MP: 3/3
   676 | D:2      | Found a runed translucent door.
   677 | D:2      | Noticed Crazy Yiuf
   704 | D:2      | Reached skill level 1 in Unarmed Combat
  1039 | D:2      | Noticed a water moccasin
  1049 | D:2      | Killed a water moccasin
  1050 | D:2      | Reached skill level 3 in Unarmed Combat
  1050 | D:2      | Reached XP level 4. HP: 19/33 MP: 4/4
  1050 | D:2      | Gained mutation: You have sharp fingernails. [demonic
                  | ancestry]
  1050 | D:2      | Reached XP level 5. HP: 22/38 MP: 5/5
  1443 | D:2      | Found a hazy altar of Hepliaklqana.
  2187 | D:3      | Noticed Robin
  2192 | D:3      | Killed Robin
  2195 | D:3      | Reached skill level 4 in Unarmed Combat
  2497 | D:3      | Found a bloodstained altar of Trog.
  2607 | D:3      | Gained mutation: You regenerate a little health from kills.
                  | [demonic ancestry]
  2607 | D:3      | Reached XP level 6. HP: 44/44 MP: 6/6
  2872 | D:4      | Reached skill level 5 in Unarmed Combat
  3229 | D:4      | Reached skill level 6 in Unarmed Combat
  3229 | D:4      | Gained mutation: You have a pair of small horns on your
                  | head. [demonic ancestry]
  3229 | D:4      | Reached XP level 7. HP: 44/50 MP: 7/7
  3336 | D:4      | Found a staircase to the Ecumenical Temple.
  3413 | Temple   | Entered the Ecumenical Temple
  3656 | D:4      | Found an ornate altar of the Wu Jian Council.
  3761 | D:4      | Became a worshipper of the Wu Jian Council
  3831 | D:4      | Found a hide-covered altar of Uskayaw.
  4111 | D:5      | Entered Level 5 of the Dungeon
  4129 | D:5      | Reached skill level 7 in Unarmed Combat
  4423 | D:5      | Noticed Edmund
  4434 | D:5      | Killed Edmund
  4435 | D:5      | Reached skill level 1 in Armour
  4435 | D:5      | Gained mutation: You have very sharp fingernails. [demonic
                  | ancestry]
  4435 | D:5      | Reached XP level 8. HP: 56/56 MP: 8/8
  4487 | D:5      | Reached skill level 8 in Unarmed Combat
  4498 | D:5      | Noticed Ijyb
  4506 | D:5      | Killed Ijyb
  4506 | D:5      | Reached * piety under Wu Jian
  4778 | D:6      | Reached skill level 2 in Armour
  5110 | D:6      | Reached skill level 3 in Armour
  5110 | D:6      | Reached skill level 9 in Unarmed Combat
  5156 | D:6      | Found an ancient bone altar of Kikubaaqudgha.
  5645 | D:6      | Found an iron altar of Okawaru.
  5737 | D:6      | Found a broken altar of Ashenzari.
  6019 | D:6      | Identified a potion of resistance
  6185 | D:7      | Gained mutation: You have hoof-like feet. [demonic
                  | ancestry]
  6185 | D:7      | Reached XP level 9. HP: 58/61 MP: 9/9
  6202 | D:7      | Found a shimmering blue altar of Sif Muna.
  6366 | D:7      | Found a flagged portal.
  6391 | Bailey   | Entered a bailey
  6399 | Bailey   | Slain by an orc warrior

Vanquished Creatures
  Edmund (D:5)
  A water moccasin (D:2)
  2 ogres
  3 phantoms
  2 bullfrogs
  A water moccasin skeleton (D:7)
  A scorpion (D:5)
  A howler monkey (D:6)
  A bullfrog zombie (D:6)
  4 hounds
  A quasit (D:7)
  3 orc priests (D:6)
  2 gnoll shamans
  2 bullfrog skeletons
  2 orc wizards (D:6)
  3 iguanas
  Ijyb (D:5)
  5 worker ants
  A hound skeleton (D:4)
  Robin (D:3)
  14 gnolls
  8 adders
  A shadow imp (D:5)
  A white imp (D:6)
  An ufetubus (D:5)
  2 oozes
  An adder skeleton (D:5)
  An adder zombie (D:5)
  5 worms
  2 dart slugs
  2 leopard geckos
  9 orcs
  14 bats
  5 giant cockroaches
  9 hobgoblins
  4 jackals
  A quokka (D:3)
  8 frilled lizards
  19 goblins
  11 kobolds
  2 leopard gecko skeletons (D:4)
  A quokka skeleton (D:5)
  A quokka zombie (D:5)
  4 rats
164 creatures vanquished.

Vanquished Creatures (collateral kills)
  An ice beast (D:5)
  A centaur (D:5)
  A gnoll (D:4)
  An orc (D:6)
  A jackal (D:5)
5 creatures vanquished.

Grand Total: 169 creatures vanquished

Table legend: (Time is in decaauts)
 A = Elapsed time spent in this place.
 B = Non-inter-level travel time spent in this place.
 C = Inter-level travel time spent in this place.
 D = Time resting spent in this place.
 E = Time spent auto-exploring this place.
 F = Levels seen in this place.
 G = Mean time per level.
                   A        B        C        D        E       F      G
               +--------+--------+--------+--------+--------+-----+--------+
         Total |   6371 |   6079 |    292 |    722 |   4241 |   9 |  707.9 |
       Dungeon |   6269 |   5977 |    292 |    722 |   4172 |   7 |  895.6 |
        Temple |     94 |     94 |      0 |      0 |     69 |   1 |   94.0 |
        Bailey |      7 |      7 |      0 |      0 |      0 |   1 |    7.0 |
               +--------+--------+--------+--------+--------+-----+--------+

Top non-repeatable levels by time:
     D:2: 1510 daAuts
     D:4: 1304 daAuts
     D:6: 1061 daAuts
     D:3: 788 daAuts
     D:5: 702 daAuts
     D:1: 531 daAuts
     D:7: 370 daAuts
  Temple: 94 daAuts
  Bailey: 7 daAuts

Table legend:
 A = Non-vault XP
 B = Vault XP
 C = Vault XP percentage of total XP
 D = Non-vault monster count
 E = Vault monster count
 F = Vault count percentage of total count
                 A         B        C        D         E       F
            +---------+---------+-------+---------+---------+-------
      Total |    2681 |     238 |   8.2 |     149 |      20 |  11.8
            +---------+---------+-------+---------+---------+-------
        D:1 |      45 |       0 |   0.0 |      27 |       0 |   0.0
        D:2 |     202 |       1 |   0.5 |      25 |       1 |   3.8
        D:3 |     122 |      37 |  23.3 |      21 |      12 |  36.4
        D:4 |     474 |      20 |   4.0 |      24 |       1 |   4.0
        D:5 |     615 |     173 |  22.0 |      22 |       2 |   8.3
        D:6 |     971 |       0 |   0.0 |      25 |       0 |   0.0
        D:7 |     252 |       7 |   2.7 |       5 |       4 |  44.4
            +---------+---------+-------+---------+---------+-------
